 Dungeon Crawl Stone Soup version 0.22.1-1-ga44c0e5 (webtiles) character file.

14658 wotfoxis the Pandemonic (level 11, -1/90 HPs)
             Began as a Demonspawn Monk on Oct 19, 2018.
             Was a High Priest of Makhleb.
             Succumbed to a black mamba's poison
             ... on level 1 of the Lair of Beasts.
             The game lasted 01:07:08 (15113 turns).

wotfoxis the Pandemonic (Demonspawn Monk)          Turns: 15113, Time: 01:07:09

Health: -1/90      AC: 17    Str: 18    XL:     11   Next: 91%
Magic:  8/21       EV: 11    Int: 12    God:    Makhleb [*****.]
Gold:   757        SH:  0    Dex: 15    Spells: 10/10 levels left

rFire    . . .     SeeInvis .   G - +2 great sword (freeze)
rCold    . . .     Gourm    .   (shield currently unavailable)
rNeg     . . .     Faith    .   o - +1 scale mail {rPois}
rPois    +         Spirit   +   H - +0 helmet
rElec    .         Reflect  .   (no cloak)
rCorr    .         Harm     .   r - +2 pair of gloves {Str+3}
MR       .....                  m - +0 pair of boots
Stlth    +.........             (no amulet)
HPRegen  0.25/turn              t - +3 ring of protection
MPRegen  0.34/turn              (no ring)

@: lethally poisoned (-1 -> -9)
A: hooves 2, powered by pain 1, magic shield, magic regeneration
a: Minor Destruction, Lesser Servant of Makhleb, Major Destruction, Greater
Servant of Makhleb, Renounce Religion


You were on level 1 of the Lair of Beasts.
You worshipped Makhleb.
Makhleb was extremely pleased with you.
You were not hungry.

You visited 2 branches of the dungeon, and saw 12 of its levels.
You also visited: Ossuary.

You collected 757 gold pieces.

Inventory:

Hand Weapons
 G - a +2 great sword of freezing (weapon)
Armour
 m - a +0 pair of boots (worn)
 o - a +1 scale mail of poison resistance (worn)
 q - the +0 buckler of Light {rN++ rCorr}
   (You found it on level 4 of the Dungeon)

   It greatly protects you from negative energy.
   It provides partial protection from all sources of acid and corrosion.
 r - a +2 pair of gloves of strength (worn)
 H - a +0 helmet (worn)
Jewellery
 t - a +3 ring of protection (left hand)
Wands
 a - a wand of acid (14)
 l - a wand of scattershot (4)
 z - a wand of iceblast (14)
 A - a wand of digging (19)
 D - a wand of polymorph (22)
Scrolls
 b - 2 scrolls of identify
 f - a scroll of immolation
 g - 8 scrolls of remove curse
 h - 3 scrolls of amnesia
 i - a scroll of blinking
 j - 6 scrolls of teleportation
 w - 3 scrolls of magic mapping
 y - 2 scrolls of fog
 C - 2 scrolls of enchant armour
 E - a scroll of holy word
Potions
 d - 2 potions of resistance
 e - 5 potions of heal wounds
 k - a potion of agility
 n - 3 potions of lignification
 p - 3 potions of might
 u - a potion of ambrosia
 v - a potion of flight
 x - 6 potions of curing
 B - 2 potions of mutation
Comestibles
 c - 10 rations
 s - 3 chunks of flesh


   Skills:
 + Level 9.8 Fighting
 + Level 9.6 Long Blades
 + Level 5.4 Armour
 - Level 3.0 Dodging
 - Level 4.0 Stealth
 - Level 4.0 Shields
 * Level 13.7 Invocations


You had 10 spell levels left.
You didn't know any spells.
Your spell library contained the following spells:

 Spells                   Type           Power        Failure   Level  Hunger
 Confusing Touch          Hex            #.....       67%         1    ##.....
 Corona                   Hex            #......      67%         1    ##.....
 Flame Tongue             Conj/Fire      #....        67%         1    ##.....
 Magic Dart               Conj           #...         67%         1    ##.....
 Shock                    Conj/Air       #...         67%         1    ##.....
 Blink                    Tloc           N/A          82%         2    ###....
 Call Imp                 Summ           #.......     82%         2    ###....
 Ensorcelled Hibernation  Hex/Ice        #.....       82%         2    ###....
 Slow                     Hex            #.......     82%         2    ###....
 Swiftness                Chrm/Air       #.......     82%         2    ###....
 Throw Flame              Conj/Fire      #.....       82%         2    ###....
 Confuse                  Hex            #.......     96%         3    ####...
 Conjure Flame            Conj/Fire      #.......     96%         3    ####...
 Dazzling Spray           Conj/Hex       #.....       96%         3    ####...
 Gell's Gravitas          Tloc           #.........   96%         3    ####...
 Inner Flame              Hex/Fire       #.......     96%         3    ####...
 Mephitic Cloud           Conj/Pois/Air  #.......     96%         3    ####...
 Static Discharge         Conj/Air       #.......     96%         3    ####...
 Tukima's Dance           Hex            #.......     96%         3    ####...
 Airstrike                Air            #.........   100%        4    #####..
 Petrify                  Tmut/Erth      #.......     100%        4    #####..
 Sticky Flame             Conj/Fire      #.......     100%        4    #####..
 Fireball                 Conj/Fire      #.........   100%        5    ######.
 Lightning Bolt           Conj/Air       #.........   100%        5    ######.
 Metabolic Englaciation   Hex/Ice        #.........   100%        5    ######.
 Yara's Violent Unravell  Hex/Tmut       #.........   100%        5    ######.


Dungeon Overview and Level Annotations

Branches:
Dungeon (11/15)            Temple (0/1) D:7            Lair (1/6) D:9
    Orc (0/2) D:10

Altars:
Cheibriados
Elyvilon
Hepliaklqana
Makhleb
Okawaru
Ru
Trog
Uskayaw
Wu Jian
Xom
Zin

Shops:
D:5 [

Annotations:
D:7 2 transporters, TheNamelessOne's ghost, novice OpTm


Innate Abilities, Weirdness & Mutations

You have hoof-like feet.
You sometimes gain a little power by taking damage.
When hurt, damage is shared between your health and your magic reserves.
You regenerate magic rapidly.


Message History

The black mamba bites you.
* * * LOW HITPOINT WARNING * * *
Press: ? - help, Shift-Dir - straight line, f - black mamba
Aim: a black mamba You hear a mighty clap of thunder!
The bolt of lightning hits the black mamba.
The black mamba is severely wounded.
You hear a loud, deep croak!
You hear an angry hiss.
You hear a shout!
The black mamba bites you.
* * * LOW HITPOINT WARNING * * *
You are lethally poisoned!
The black mamba poisons you!
The black mamba bites you but does no damage.
Press: ? - help, Shift-Dir - straight line, f/p - black mamba
Aim: a black mamba (severely wounded)
The bolt of negative energy hits the black mamba.
The black mamba is drained!
You kill the black mamba!
Makhleb accepts your kill.
You die...

....≈ ...P . #... ..##...
≈ ........# .≈ r...P#...#
... .....#P..###+###....
............†@.........
#..............†........
##.....................#
#......................#
#............†........#
###........#..†P.........#
..........##...#........##
...............#P..#...##
.........†##..........##


There were no monsters in sight!

Vanquished Creatures
  A two-headed ogre (D:9)
  A deep elf mage (D:11)
  2 black mambas (Lair:1)
  4 spiny frogs (Lair:1)
  A centaur zombie (D:10)
  A centaur skeleton (D:10)
  A komodo dragon (Lair:1)
  A hornet (D:7)
  A hippogriff (D:4)
  A wraith (D:11)
  21 yaks
  Grum (D:8)
  The ghost of rabbit the Magician, an amateur GnWz (D:4)
  3 wargs (D:9)
  5 water moccasins
  Duvessa (D:4)
  The ghost of dvd the Gusty, an amateur DEAE (D:4)
  A porcupine (Lair:1)
  2 black bears
  3 orc warriors
  3 ice beasts
  A phantom (D:8)
  3 necrophages
  4 ogres
  2 wolves (D:8)
  9 centaurs
  A big kobold (D:11)
  A wyvern zombie (D:7)
  6 bullfrogs
  A water moccasin zombie (D:6)
  3 scorpions
  Dowan (D:4)
  10 killer bees
  4 wights
  A bullfrog zombie (D:5)
  6 crimson imps
  4 hounds
  14 orc wizards
  7 orc priests
  A bullfrog skeleton (D:4)
  3 jellies
  An iron imp (D:6)
  Jessica (D:3)
  7 iguanas
  4 worker ants
  A killer bee zombie (D:8)
  3 hound zombies
  8 mummies (Ossuary)
  4 gnolls
  16 adders
  2 shadow imps
  An ooze (D:3)
  2 adder skeletons
  4 worms
  A dart slug (D:3)
  4 leopard geckos
  57 orcs
  5 bats
  4 giant cockroaches
  A gnoll zombie (Ossuary)
  5 goblins
  10 hobgoblins
  11 jackals
  8 quokkas
  5 frilled lizards
  2 hobgoblin zombies (Ossuary)
  16 kobolds
  3 kobold zombies (Ossuary)
  A leopard gecko skeleton (D:4)
  2 orc zombies (Ossuary)
  A quokka skeleton (D:4)
  7 rats
335 creatures vanquished.

Vanquished Creatures (collateral kills)
  A tengu conjurer (D:11)
  An ice beast (D:11)
  5 wights
7 creatures vanquished.

Vanquished Creatures (others)
  A plant (Lair:1)
1 creature vanquished.

Grand Total: 343 creatures vanquished

Notes
Turn   | Place    | Note
-------+----------+-------------------------------------------
     0 | D:1      | wotfoxis the Demonspawn Monk began the quest for the Orb.
     0 | D:1      | Reached XP level 1. HP: 18/18 MP: 1/1
   410 | D:1      | Gained mutation: When hurt, damage is shared between your
                  | health and your magic reserves. [demonic ancestry]
   410 | D:1      | Reached XP level 2. HP: 22/24 MP: 2/2
   781 | D:1      | Reached XP level 3. HP: 15/29 MP: 3/3
  1902 | D:2      | Reached XP level 4. HP: 37/37 MP: 4/4
  3002 | D:3      | Gained mutation: You have large cloven feet. [demonic
                  | ancestry]
  3002 | D:3      | Reached XP level 5. HP: 16/42 MP: 2/5
  3211 | D:3      | Found a hide-covered altar of Uskayaw.
  3218 | D:3      | Noticed a dagger
  3219 | D:3      | Noticed a dagger
  3521 | D:3      | Noticed Jessica
  3530 | D:3      | Killed Jessica
  3920 | D:4      | Found a sand-covered staircase.
  3932 | D:4      | Reached XP level 6. HP: 17/48 MP: 2/6
  4188 | Ossuary  | Entered an ossuary
  5345 | D:4      | Found a bloodstained altar of Trog.
  5365 | D:4      | Noticed Dowan
  5367 | D:4      | Noticed Duvessa
  5393 | D:4      | Killed Dowan
  5393 | D:4      | Reached skill level 5 in Long Blades
  5457 | D:4      | Reached XP level 7. HP: 42/55 MP: 5/7
  5680 | D:4      | Found a shimmering altar of Xom.
  5691 | D:4      | Found a burning altar of Makhleb.
  5727 | D:4      | Became a worshipper of Makhleb the Destroyer
  5727 | D:4      | Reached * piety under Makhleb
  5727 | D:4      | Reached ** piety under Makhleb
  5955 | D:4      | Killed Duvessa
  5955 | D:4      | Reached skill level 5 in Fighting
  5955 | D:4      | Reached skill level 1 in Invocations
  6221 | D:4      | Found a runed gate.
  6222 | D:4      | Found a runed gate.
  6223 | D:4      | Found a runed gate.
  6229 | D:4      | Noticed dvd's ghost (amateur DEAE)
  6231 | D:4      | Noticed rabbit's ghost (amateur GnWz)
  6249 | D:4      | Killed dvd's ghost
  6249 | D:4      | Reached skill level 2 in Invocations
  6254 | D:4      | Killed rabbit's ghost
  6504 | D:4      | Got a warped buckler
  6513 | D:4      | Identified the cursed +0 buckler of Light {rN++ rCorr} (You
                  | found it on level 4 of the Dungeon)
  6619 | D:4      | Noticed a hippogriff
  6626 | D:4      | Killed a hippogriff
  6626 | D:4      | Reached skill level 1 in Shields
  6626 | D:4      | Reached skill level 3 in Invocations
  6626 | D:4      | Reached XP level 8. HP: 63/63 MP: 8/10
  6825 | D:4      | Found a sacrificial altar of Ru.
  6873 | D:5      | Entered Level 5 of the Dungeon
  7019 | D:5      | Reached skill level 4 in Invocations
  7710 | D:5      | Reached skill level 5 in Invocations
  7767 | D:5      | Found Ymibil's Armour Boutique.
  8202 | D:6      | Reached skill level 6 in Invocations
  8282 | D:6      | Found a snail-covered altar of Cheibriados.
  8535 | D:6      | Gained mutation: You sometimes gain a little power by
                  | taking damage. [demonic ancestry]
  8535 | D:6      | Reached XP level 9. HP: 70/71 MP: 12/14
  8612 | D:6      | Reached skill level 7 in Invocations
  9572 | D:7      | Found a staircase to the Ecumenical Temple.
  9710 | D:7      | Found an ornate altar of the Wu Jian Council.
  9744 | D:7      | Reached skill level 8 in Invocations
  9859 | D:7      | Reached *** piety under Makhleb
 10247 | D:7      | Noticed TheNamelessOne's ghost (novice OpTm)
 10248 | D:7      | Found a transporter.
 10281 | D:7      | Found a transporter.
 10305 | D:7      | Reached skill level 9 in Invocations
 10591 | D:8      | Noticed Grum
 10631 | D:8      | Killed Grum
 10964 | D:8      | Found an iron altar of Okawaru.
 11189 | D:8      | Reached skill level 10 in Invocations
 11189 | D:8      | Gained mutation: You regenerate magic rapidly. [demonic
                  | ancestry]
 11189 | D:8      | Reached XP level 10. HP: 78/78 MP: 17/17
 11379 | D:8      | Found a white marble altar of Elyvilon.
 11931 | D:9      | Noticed a two-headed ogre
 11932 | D:9      | Reached skill level 1 in Armour
 11957 | D:9      | Killed a two-headed ogre
 12180 | D:9      | Reached **** piety under Makhleb
 12362 | D:9      | Found a staircase to the Lair.
 12437 | D:9      | Found a glowing silver altar of Zin.
 12459 | D:9      | Found a hazy altar of Hepliaklqana.
 12685 | D:10     | Entered Level 10 of the Dungeon
 12692 | D:9      | Reached skill level 11 in Invocations
 12985 | D:10     | Gained mutation: You have hoof-like feet. [demonic
                  | ancestry]
 12985 | D:10     | Reached XP level 11. HP: 86/86 MP: 17/19
 13102 | D:10     | Reached ***** piety under Makhleb
 13207 | D:10     | Found a staircase to the Orcish Mines.
 13434 | D:10     | Reached skill level 12 in Invocations
 14089 | D:11     | Noticed a deep elf mage
 14096 | D:11     | Killed a deep elf mage
 14423 | D:11     | Noticed a brown ugly thing
 14785 | Lair:1   | Entered Level 1 of the Lair of Beasts
 14799 | Lair:1   | Reached skill level 13 in Invocations
 14998 | Lair:1   | Reached skill level 5 in Armour
 15113 | Lair:1   | Succumbed to a black mamba's poison

Skill      XL: |  1  2  3  4  5  6  7  8  9 10 11 |
---------------+----------------------------------+-----
Stealth        | 2 3 4 |  4.0
Long Blades    | 3 4 5 6 7 8 9 |  9.6
Dodging        | 3 |  3.0
Fighting       | 4 5 6 7 8 9 |  9.8
Invocations    | 3 6 10 11 13 | 13.7
Shields        | 1 3 4 |  4.0
Armour         | 3 5 |  5.4

Action                   |  1- 3 |  4- 6 |  7- 9 | 10-12 || total
-------------------------+-------+-------+-------+-------++-------
Melee: Falchion          |   119 |   349 |   360 |       ||   828
       Long sword        |       |       |   154 |     3 ||   157
       Great sword       |       |       |       |   350 ||   350
Invok: Minor Destruction |       |       |    90 |   119 ||   209
       Lesser Servant of |       |       |       |     2 ||     2
       Major Destruction |       |       |       |     3 ||     3
  Use: Scroll            |       |     3 |     7 |    14 ||    24
       Potion            |       |     4 |     2 |     5 ||    11
 Stab: Sleeping          |     3 |     1 |       |       ||     4
       Distracted        |       |     1 |       |     1 ||     2
  Eat: Chunk             |     3 |     7 |     7 |    14 ||    31
       Ration            |       |     2 |     3 |       ||     5
Armor: Robe              |    21 |    25 |       |       ||    46
       Ring mail         |       |    42 |       |       ||    42
       Scale mail        |       |       |   215 |   195 ||   410
Dodge: Dodged            |    93 |   212 |   243 |   238 ||   786
Block: Buckler           |       |       |    87 |       ||    87
       Rpst.: Falchion   |    33 |    68 |    44 |       ||   145
       Long sword        |       |       |    42 |     1 ||    43
       Great sword       |       |       |       |    77 ||    77
